 Dungeon Crawl Stone Soup version 0.31-a0-214-gb37851dbb3 (webtiles) character file.

Game seed: 6164264693442260872

1418 porpoise the Skirmisher (level 8, 0/43 (45) HPs)
             Began as a Tengu Hunter on June 29, 2023.
             Was a Follower of Hepliaklqana.
             Slain by a wight
             ... wielding a +5 morningstar of freezing
              (1 damage)
             ... on level 7 of the Dungeon on July 1, 2023.
             The game lasted 00:22:15 (7237 turns).

porpoise the Skirmisher (Tengu Hunter)              Turns: 7237, Time: 00:22:16

HP:   0/43 (45)     AC:  4    Str: 12    XL:     8   Next: 71%
MP:   8/9           EV: 14    Int: 10    God:    Hepliaklqana [*.....]
Gold: 346           SH:  0    Dex: 19    Spells: 7/7 levels left

rFire   . . .        a - +0 shortbow
rCold   . . .        (shield currently unavailable)
rNeg    . . .        c - +0 leather armour
rPois   +            (helmet restricted)
rElec   .            (no cloak)
rCorr   .            i - +0 pair of gloves
SInv    .            (boots unavailable)
Will    .....        (no amulet)
Stlth   +++          w - ring of poison resistance
HPRegen 0.27/turn    (no ring)
MPRegen 0.11/turn

%: no passive effects
@: weakened, flying quickly and evasively, studying Throwing, lightly drained,
quick
A: reduced essence, beak, talons 3, nimble flight
a: Renounce Religion, Recall Ancestor, Ancestor Identity


You were on level 7 of the Dungeon.
You worshipped Hepliaklqana.
Hepliaklqana was aware of your devotion.
You visited 2 branches of the dungeon, and saw 8 of its levels.

You collected 346 gold pieces.

Inventory:

Hand Weapons
 a - a +0 shortbow (weapon)
 b - a +1 dagger of speed
 e - a +0 dagger of electrocution
 v - a +1 vampiric dagger
 B - a +1 scimitar of freezing
Missiles
 f - 5 boomerangs
 s - 4 atropa-tipped darts
 t - 10 poisoned darts
Armour
 c - a +0 leather armour (worn)
 i - a +0 pair of gloves (worn)
 r - an orb of mayhem
Jewellery
 q - an amulet of guardian spirit
 w - a ring of poison resistance (left hand)
Wands
 C - a wand of acid (4)
Scrolls
 d - 4 scrolls of fog
 h - a scroll of butterflies
 m - 2 scrolls of poison
 o - a scroll of revelation {unknown}
 p - a scroll of summoning
 u - a scroll of amnesia {unknown}
 y - 3 scrolls of identify
Potions
 g - a potion of resistance
 j - a potion of enlightenment
 k - a potion of haste
 l - 3 potions of magic
 n - a potion of brilliance
 x - a potion of cancellation {unknown}
 z - 2 potions of mutation {unknown}
 D - a potion of lignification


   Skills:
 + Level 6.0 Fighting
 - Level 4.0 Short Blades
 * Level 8.2 Ranged Weapons
 - Level 2.1 Dodging
 - Level 5.0 Stealth


You had 7 spell levels left.
You didn't know any spells.
Your spell library was empty.

Dungeon Overview and Level Annotations

Branches:
Dungeon (7/15)             Temple (1/1) D:5

Altars:
Ashenzari
Cheibriados
Dithmenos
Fedhas
Gozag
Hepliaklqana
Kikubaaqudgha
Nemelex Xobeh
Qazlal
Ru
Sif Muna
Trog
Vehumet
Wu Jian
Xom
Yredelemnul

Shops:
D:6 *

Annotations:
D:3 1 runed translucent door, porpoise's ghost, amateur BaHu
D:5 2 runed translucent doors, CoordinateN's ghost, novice MiBe


Innate Abilities, Weirdness & Mutations

Your life essence is reduced to manifest your ancestor. (-10% HP)
You have a beak for a mouth.
You have claws for feet.
Your magical nature lets you fly swiftly and evasively.


Message History

A gnoll comes into view. It is wielding a +0 halberd.
You shoot an arrow. The arrow hits the wight.
The wight is almost destroyed.
You shoot an arrow.
The arrow hits the wight but does no damage.
The wight is almost destroyed.
The gnoll bouda gazes fiercely through you!
You feel as though you will be weak longer.
The gnoll bouda hits Nikki with a +0 club!
The wight misses you.
Nikki barely misses the gnoll bouda.
Found 4 gold pieces.
The gnoll bouda closely misses you.
The wight hits you with a +5 morningstar of freezing!
The wight freezes you.
Nikki closely misses the gnoll bouda.
You see here a scroll labelled JAUGGUMISE.
You shoot an arrow. The arrow hits the gnoll!
The gnoll is severely wounded.
The gnoll hits you with a +0 whip.
The gnoll hits something with a +0 club.
The gnoll misses you.
The gnoll bouda closely misses something.
The wight hits you with a +5 morningstar of freezing!
* * * LOW HITPOINT WARNING * * *
The wight freezes you.
* * * LOW HITPOINT WARNING * * *
As you read the scroll labelled SOMIYS ISA, it crumbles to dust.
Wisps of shadow whirl around you...
It was a scroll of summoning.
The gnoll misses your orc.
The gnoll misses something.
The gnoll misses you.
The gnoll bouda hits something with a +0 club!
The wight misses you.
You feel better.
The gnoll is no longer moving quickly.
The gnoll completely misses you.
The gnoll hits you from afar with a +0 halberd.
* * * LOW HITPOINT WARNING * * *
The gnoll hits something with a +0 club.
The wight hits you with a +5 morningstar of freezing.
* * * LOW HITPOINT WARNING * * *
You feel drained.
* * * LOW HITPOINT WARNING * * *
The wight freezes you.
You die...

##. ... ##.#
#......####
#...#.....
#........
.###...#.#.#
.......oF#Y######.
#.....z@oo..$..)
#")...?#g######
#....o..gg#
#......#g.#
#......#..)..
.$......##.####
#$..##...... #.##
##.##.# # #.##.#


You could see a gnoll bouda, a wight (ally target), 3 gnolls, a friendly sky
beast (summoned), a friendly bullfrog (summoned) and 4 friendly orcs.

Vanquished Creatures
  An ice beast (D:5)
  An ogre (D:5)
  A bullfrog (D:6)
  A kobold brigand (D:5)
  A wight (D:6)
  5 orc priests
  A gnoll bouda (D:4)
  3 hounds
  A jelly (D:6)
  3 iguanas
  Jessica (D:2)
  A sleepcap (D:6)
  4 orc wizards
  5 gnolls
  10 adders
  2 shadow imps (D:5)
  4 worms
  3 dart slugs
  16 orcs
  6 endoplasms
  5 giant cockroaches
  7 goblins
  5 hobgoblins
  2 jackals (D:1)
  6 kobolds
  5 quokkas
  6 ball pythons
  4 bats
  2 frilled lizards
  4 rats
116 creatures vanquished.

Vanquished Creatures (collateral kills)
  A scorpion (D:6)
  3 wights (D:6)
  An iguana (D:6)
  An orc wizard (D:6)
  2 orcs (D:6)
8 creatures vanquished.

Vanquished Creatures (others)
  An ancestor (D:6)
1 creature vanquished.

Grand Total: 125 creatures vanquished

Notes
Turn   | Place    | Note
-------+----------+-------------------------------------------
     0 | D:1      | porpoise the Tengu Hunter began the quest for the Orb.
     0 | D:1      | Reached XP level 1. HP: 12/12 MP: 2/2
    62 | D:1      | Reached XP level 2. HP: 16/17 MP: 3/3
   832 | D:1      | Reached XP level 3. HP: 19/22 MP: 4/4
  1144 | D:2      | Noticed Jessica
  1153 | D:2      | Killed Jessica
  1154 | D:2      | Reached skill level 1 in Short Blades
  1410 | D:2      | Reached XP level 4. HP: 27/27 MP: 5/5
  2133 | D:3      | Gained mutation: Your magical nature lets you fly swiftly
                  | and evasively. [Tengu growth]
  2133 | D:3      | Reached XP level 5. HP: 15/32 MP: 6/6
  2878 | D:3      | Found a runed translucent door.
  2882 | D:3      | Noticed porpoise's ghost (amateur BaHu)
  2967 | D:3      | Found an ancient bone altar of Kikubaaqudgha.
  3378 | D:3      | Reached XP level 6. HP: 8/37 MP: 7/7
  4373 | D:5      | Entered Level 5 of the Dungeon
  4413 | D:4      | HP: 1/38 [something (3)]
  4418 | D:4      | Reached XP level 7. HP: 3/43 MP: 8/8
  4703 | D:5      | Reached skill level 5 in Ranged Weapons
  4831 | D:5      | Found a runed translucent door.
  4867 | D:5      | Found a staircase to the Ecumenical Temple.
  4913 | Temple   | Entered the Ecumenical Temple
  5096 | Temple   | Became a worshipper of Hepliaklqana the Forgotten
  5146 | D:5      | Found an ornate altar of the Wu Jian Council.
  5527 | D:5      | Found a runed translucent door.
  5528 | D:5      | Noticed CoordinateN's ghost (novice MiBe)
  5673 | D:5      | Reached skill level 6 in Ranged Weapons
  5812 | Temple   | Reached skill level 5 in Fighting
  5812 | Temple   | Reached skill level 5 in Stealth
  5855 | D:5      | Reached XP level 8. HP: 44/49 MP: 9/9
  6248 | D:6      | Reached * piety under Hepliaklqana
  6347 | D:6      | Upgraded the game from 0.31-a0-210-gccc998df9b to
                  | 0.31-a0-214-gb37851dbb3
  6487 | D:6      | Reached skill level 7 in Ranged Weapons
  6729 | D:6      | Found Lupsuam's Neck Hole.
  6921 | D:6      | Reached skill level 8 in Ranged Weapons
  7237 | D:7      | HP: 2/45 [wight/+5 morningstar of freezing (5)]
  7237 | D:7      | Slain by a wight

Illustrated notes

Levels and vault maps discovered:
D:1:      lemuel_arrival_behind_the_door_large, layout_basic, nicolae_the_louvre
D:2:      layout_loops_ring, uniq_jessica
D:3:      layout_loops_cross, nicolae_kikubaaqudgha_miasma_corner,
          ebering_ghost_sewer_d, roderic_serpentine_path,
          chequers_serial_rivers_micro_b, chequers_mini_garden,
          nicolae_wormholes
D:4:      layout_rooms, kennysheep_cluttered_room
D:5:      layout_basic, mainiacjoe_overflow_paths, minmay_temple_entry_glass,
          ebering_ghost_sewer_f, minmay_manual_moon
D:6:      layout_cave_pods, nicolae_shop_sticking_my_neck_out
D:7:      layout_loops_ring
Temple:   nicolae_temple_bog_church

Skill      XL: |  1  2  3  4  5  6  7  8 |
---------------+-------------------------+-----
Short Blades   | 1 2 3 4 |  4.0
Stealth        | 2 3 4 5 |  5.0
Fighting       | 3 4 5 6 |  6.0
Ranged Weapons | 6 8 |  8.2
Dodging        | |  2.1

Action                     |  1- 3 |  4- 6 |  7- 9 || total
---------------------------+-------+-------+-------++-------
  Melee: Dagger            |     5 |    90 |    86 ||   181
         Kick              |     2 |    29 |    41 ||    72
         Peck              |       |    15 |    18 ||    33
   Fire: Shortbow          |   109 |   209 |   152 ||   470
 Invoke: Recall Ancestor   |       |       |     2 ||     2
         Ancestor Identity |       |       |     1 ||     1
    Use: Scroll            |     3 |     8 |     3 ||    14
         Potion            |       |     4 |     1 ||     5
   Stab: Sleeping          |       |     1 |       ||     1
 Armour: Leather armour    |    12 |    34 |    17 ||    63
         Skin              |       |     2 |       ||     2
  Dodge: Dodged            |    44 |    88 |    69 ||   201

Table legend: (Time is in decaauts)
 A = Elapsed time spent in this place.
 B = Non-inter-level travel time spent in this place.
 C = Inter-level travel time spent in this place.
 D = Time resting spent in this place.
 E = Time spent auto-exploring this place.
 F = Levels seen in this place.
 G = Mean time per level.
                   A        B        C        D        E       F      G
               +--------+--------+--------+--------+--------+-----+--------+
         Total |   6926 |   6610 |    316 |   1777 |   3705 |   8 |  865.8 |
       Dungeon |   6587 |   6292 |    295 |   1638 |   3564 |   7 |  941.0 |
        Temple |    338 |    318 |     20 |    139 |    141 |   1 |  338.0 |
               +--------+--------+--------+--------+--------+-----+--------+

Top non-repeatable levels by time:
     D:3: 1418 daAuts
     D:2: 1109 daAuts
     D:4: 1076 daAuts
     D:5: 1074 daAuts
     D:6: 954 daAuts
     D:1: 939 daAuts
  Temple: 338 daAuts
     D:7: 13 daAuts
